 Dungeon Crawl Stone Soup version 0.20.1-1-g8b1a95d (webtiles) character file.

881 Folque the Destroyer (level 8, -7/46 HPs)
             Began as a Tengu Conjurer on Nov 3, 2017.
             Mangled by letownia2's ghost (13 damage)
             ... on level 6 of the Dungeon.
             The game lasted 00:33:52 (6779 turns).

Folque the Destroyer (Tengu Conjurer)               Turns: 6779, Time: 00:33:53

Health: -7/46      AC:  4    Str:  9    XL:     8   Next: 5%
Magic:  1/15       EV: 12    Int: 18    God:
Gold:   246        SH:  5    Dex: 14    Spells: 1/15 levels left

rFire    . . .     SeeInvis .   o - +4 halberd
rCold    + . .     Gourm    .   (shield currently unavailable)
rNeg     . . .     Faith    .   t - +0 robe {rC+}
rPois    .         Spirit   .   s - +2 hat
rElec    .         Reflect  +   (no cloak)
rCorr    .         Harm     .   (no gloves)
MR       .....                  (boots unavailable)
Stlth    ++........             m - +5 amulet of reflection
Regen    0.2/turn               (no ring)
MPRegen  0.2/turn               (no ring)

@: no status effects
A: beak, talons 3, able to fly 1
a: Fly


You were on level 6 of the Dungeon.
You were not hungry.

You visited 1 branch of the dungeon, and saw 6 of its levels.

You collected 246 gold pieces.

Inventory:

Hand Weapons
 e - a +3 antimagic hand axe
 h - a +0 dagger
 j - a +0 spear
 o - a +4 halberd (weapon)
 r - a +0 scythe
Missiles
 u - 4 tomahawks (quivered)
Armour
 a - a +1 robe
 s - a +2 hat (worn)
 t - a +0 robe of cold resistance (worn)
Jewellery
 m - a +5 amulet of reflection (around neck)
Scrolls
 d - 3 scrolls of random uselessness
 g - a scroll of enchant armour
 l - a scroll of remove curse
 n - 3 scrolls of identify
 q - a scroll of fog
Potions
 p - a potion of brilliance
Books
 b - a book of Conjurations

   Spells                             Type                      Level
   a - Magic Dart                     Conjuration                  1
   b - Searing Ray                    Conjuration                  2
   c - Dazzling Spray                 Conjuration/Hexes            3
   d - Fulminant Prism                Conjuration/Hexes            4
   e - Force Lance                    Conjuration/Translocation    4
   f - Iskenderun's Mystic Blast      Conjuration                  4
Comestibles
 c - 4 bread rations
 i - a fruit
 k - a royal jelly


   Skills:
 - Level 3.0 Fighting
 - Level 2.1 Dodging
 - Level 2.0 Stealth
 * Level 4.3 Spellcasting
 + Level 9.8 Conjurations
 + Level 2.0 Translocations


You had one spell level left.
You knew the following spells:

 Your Spells              Type           Power        Failure   Level  Hunger
a - Magic Dart            Conj           ####         1%          1    None
b - Searing Ray           Conj           #####.       1%          2    ##.....
c - Dazzling Spray        Conj/Hex       ###...       5%          3    ###....
d - Force Lance           Conj/Tloc      ####....     12%         4    ####...
e - Iskenderun's Mystic   Conj           #####...     2%          4    ####...


Dungeon Overview and Level Annotations

Branches:
Dungeon (6/15)
 Temple: D:4-7

Altars:
Ashenzari
Fedhas
Uskayaw
The Shining One

Annotations:
D:3 2 transporters
D:6 letownia2's ghost, novice DDNe


Innate Abilities, Weirdness & Mutations

You have a beak for a mouth.
You have claws for feet.
You can fly.


Message History

You hit letownia2's ghost.
Letownia2's ghost is heavily damaged.
Letownia2's ghost gestures at you while chanting.
Pain shoots through your body! You block letownia2's ghost's attack.
You completely miss letownia2's ghost.
Letownia2's ghost is heavily damaged.
You block letownia2's ghost's attack.
You hit letownia2's ghost.
You claw letownia2's ghost, but do no damage.
Letownia2's ghost is heavily damaged.
Letownia2's ghost hits you! Letownia2's ghost freezes you.
Letownia2's ghost hits you!
* * * LOW HITPOINT WARNING * * *
Letownia2's ghost freezes you.
* * * LOW HITPOINT WARNING * * *
As you read the scroll labeled XESIET UMASM, it crumbles to dust.
It is a scroll of recharging.
You aren't carrying any rechargeable items.
Letownia2's ghost hits you!
You die...

#......#..#
.....#..#
......#
#...#####..
#.<...[..#
#...####.#
##....#
#.W#.#
#..@.#
#..### #..#
#.>. ###..
... ....
W....
......


You could see letownia2's ghost.

Vanquished Creatures
  An ice beast (D:4)
  A water moccasin skeleton (D:5)
  A centaur zombie (D:5)
  An orc wizard (D:5)
  2 centaur skeletons
  A hound (D:4)
  2 jellies (D:5)
  Terence (D:2)
  8 worker ants
  A hound zombie (D:5)
  4 gnolls (D:4)
  6 adders
  2 oozes
  6 worms
  2 dart slugs
  A leopard gecko (D:4)
  14 orcs
  7 bats
  10 giant cockroaches
  5 goblins
  8 hobgoblins
  6 jackals
  3 quokkas
  3 ball pythons
  3 frilled lizards
  9 kobolds
  5 rats (D:2)
113 creatures vanquished.

Vanquished Creatures (others)
  A centaur (D:5)
1 creature vanquished.

Grand Total: 114 creatures vanquished

Notes
Turn   | Place    | Note
-------+----------+-------------------------------------------
     0 | D:1      | Folque the Tengu Conjurer began the quest for the Orb.
     0 | D:1      | Reached XP level 1. HP: 10/10 MP: 4/4
     7 | D:1      | Noticed a crocodile
     7 | D:1      | Noticed a swamp worm
     7 | D:1      | Noticed an eight-headed hydra
     7 | D:1      | Noticed a water moccasin
     7 | D:1      | Noticed a hound
   226 | D:1      | Reached skill level 1 in Fighting
   251 | D:1      | Reached XP level 2. HP: 8/16 MP: 3/6
   933 | D:1      | Learned a level 2 spell: Searing Ray
   944 | D:2      | Reached XP level 3. HP: 15/21 MP: 7/7
  1172 | D:2      | Noticed Terence
  1178 | D:2      | Learned a level 3 spell: Dazzling Spray
  1875 | D:2      | Reached XP level 4. HP: 28/28 MP: 3/8
  2040 | D:2      | Killed Terence
  2310 | D:3      | Reached skill level 6 in Conjurations
  2310 | D:3      | Gained mutation: You can fly. [Tengu growth]
  2310 | D:3      | Reached XP level 5. HP: 28/32 MP: 5/10
  2452 | D:3      | Found a transporter.
  2533 | D:3      | Found a transporter.
  3145 | D:3      | Found a glowing golden altar of the Shining One.
  3418 | D:4      | Noticed an ice beast
  3466 | D:3      | Learned a level 4 spell: Force Lance
  3868 | D:4      | Killed an ice beast
  3868 | D:4      | Reached skill level 7 in Conjurations
  3868 | D:4      | Reached XP level 6. HP: 19/37 MP: 0/12
  4350 | D:4      | Reached skill level 8 in Conjurations
  4465 | D:4      | Found a hide-covered altar of Uskayaw.
  5311 | D:4      | Reached XP level 7. HP: 41/41 MP: 6/14
  5538 | D:5      | Entered Level 5 of the Dungeon
  5745 | D:5      | Reached skill level 1 in Translocations
  5911 | D:5      | Reached skill level 9 in Conjurations
  6093 | D:5      | Found a blossoming altar of Fedhas.
  6095 | D:5      | Found a shattered altar of Ashenzari.
  6613 | D:5      | Learned a level 4 spell: Iskenderun's Mystic Blast
  6645 | D:5      | Reached XP level 8. HP: 46/46 MP: 7/15
  6693 | D:6      | Noticed letownia2's ghost (novice DDNe)
  6779 | D:6      | Mangled by letownia2's ghost

Skill      XL: |  1  2  3  4  5  6  7 |
---------------+----------------------+-----
Fighting       | 1 2 3 |  3.0
Conjurations   | 6 7 8 9 |  9.8
Spellcasting   | 3 4 |  4.3
Translocations | 2 |  2.0
Dodging        | |  2.1
Stealth        | |  2.0

Action                   |  1- 3 |  4- 6 |  7- 9 || total
-------------------------+-------+-------+-------++-------
Melee: Spear             |    88 |    76 |       ||   164
       Kick              |    11 |    23 |    11 ||    45
       Peck              |     9 |    13 |     8 ||    30
       Scythe            |       |    53 |     4 ||    57
       Halberd           |       |       |    80 ||    80
 Cast: Magic Dart        |    20 |    13 |     8 ||    41
       Searing Ray       |     5 |     5 |     1 ||    11
       Dazzling Spray    |     4 |     8 |     7 ||    19
       Force Lance       |       |     8 |    10 ||    18
  Use: Scroll            |     6 |     2 |     2 ||    10
       Potion            |     4 |     1 |     1 ||     6
 Stab: Sleeping          |     6 |     6 |     3 ||    15
       Distracted        |     2 |       |       ||     2
       Invisible         |     1 |     4 |     1 ||     6
  Eat: Chunk             |     4 |    12 |     7 ||    23
       Fruit             |       |     1 |       ||     1
       Bread ration      |       |       |     1 ||     1
Armor: Robe              |     9 |    28 |    12 ||    49
Dodge: Dodged            |    32 |    83 |    43 ||   158
Block: Other             |    14 |    31 |    24 ||    69
       Reflection        |     1 |     1 |     2 ||     4
